 Dungeon Crawl Stone Soup version 0.31.0-11-ge490571c62 (webtiles) character file.

Game seed: 10907510543550697621

25420 Esekla the Thaumaturge (level 13, -2/89 HPs)
             Began as an Octopode Chaos Knight on Feb 2, 2024.
             Was an Initiate of Gozag.
             Slain by a large abomination (19 damage)
             ... in a Gauntlet on Feb 3, 2024.
             The game lasted 02:17:52 (15019 turns).

Esekla the Thaumaturge (Octopode Chaos Knight)     Turns: 15019, Time: 02:17:53

Health: -2/89      AC:  9    Str: 12      XL:     13   Next: 19%
Magic:  14/28      EV: 15    Int: 31      God:    Gozag
Gold:   1531       SH:  0    Dex: 10 (11) Spells: 12/30 levels left

rFire   + . .        a - +2 demon blade (flame)
rCold   . . .        (no shield)
rNeg    . . .        (helmet restricted)
rPois   .            F - amulet of regeneration
rElec   .            q - +6 ring of intelligence
rCorr   .            P - ring of protection from fire
SInv    +            Q - +6 ring of intelligence
Will    .....        T - ring of see invisible
Stlth   +++++        (no ring)
HPRegen 1.94/turn    (no ring)
MPRegen 0.21/turn    (no ring)
                     (no ring)

%: no teleportation
@: ice-armoured, gold aura
A: almost no armour, amphibious, 8 rings, camouflage 1, gelatinous body 1,
(nimble swimmer 1), tentacles, high MP 1, regeneration 1, screaming 1,
(teleportitis 1), evolution 1, MP-powered wands
a: Renounce Religion, Potion Petition, Call Merchant, Bribe Branch


You were in a Gauntlet.
You worshipped Gozag.
Gozag was most pleased with you.
You visited 3 branches of the dungeon, and saw 15 of its levels.
You also visited: Bailey, Gauntlet and Volcano.

You collected 3042 gold pieces.
You spent 1388 gold pieces at shops.
You paid 123 gold pieces to Gozag.

Inventory:

Hand Weapons
 a - a +2 demon blade of flaming (weapon)
 r - a +0 trident
 s - a +0 dagger of pain
 v - a +1 dagger of venom
 w - a +0 long sword of holy wrath
Missiles
 t - 35 poisoned darts (quivered)
 K - 10 boomerangs
 M - 6 curare-tipped darts
Jewellery
 q - a +6 ring of intelligence (left tentacle)
 y - a ring of ice
 F - an amulet of regeneration (around mantle)
 P - a ring of protection from fire (right tentacle)
 Q - a +6 ring of intelligence (on tentacle)
 T - a ring of see invisible (on tentacle)
Wands
 j - a wand of mindburst (3)
 u - a wand of flame (32)
 E - a wand of quicksilver (27)
 G - a wand of digging (4)
 H - a wand of roots (10)
Scrolls
 b - a scroll of butterflies
 d - 5 scrolls of silence
 f - 2 scrolls of revelation {unknown}
 m - 4 scrolls of blinking
 x - 3 scrolls of enchant weapon
 A - 2 scrolls of enchant armour
 B - 3 scrolls of poison
 D - 2 scrolls of fog
 L - a scroll of acquirement
 N - a scroll of noise {unknown}
 S - a scroll of torment {unknown}
Potions
 e - a potion of resistance
 k - 4 potions of magic
 n - a potion of berserk rage {unknown}
 o - a potion of attraction
 p - a potion of mutation
 z - 3 potions of cancellation
 C - a potion of brilliance {unknown}
 I - a potion of haste {unknown}
 J - a potion of invisibility
 O - 2 potions of degeneration {unknown}


   Skills:
 * Level 8.6 Fighting
 + Level 5.1(6.8) Short Blades
 + Level 6.9(7.7) Long Blades
 + Level 3.6 Throwing
 * Level 8.6 Dodging
 + Level 8.8 Stealth
 * Level 9.0 Spellcasting
 * Level 3.9 Conjurations
 * Level 6.5 Necromancy
 + Level 4.3 Translocations
 * Level 5.3 Fire Magic
 + Level 4.8 Ice Magic
 + Level 2.2 Evocations


You had 12 spell levels left.
You knew the following spells:

 Your Spells              Type           Power      Damage    Failure   Level
a - Ozocubu's Armour      Ice            44%        N/A       1%          3
b - Blink                 Tloc           80%        N/A       1%          2
d - Vampiric Draining     Necr           53%        2d9       1%          3
i - Iskenderun's Mystic   Conj/Tloc      39%        2d9       6%          4
o - Scorch                Fire           92%        2d8       1%          2
p - Apportation           Tloc           80%        N/A       1%          1
w - Fugue of the Fallen   Necr           53%        N/A       1%          3

Your spell library contained the following spells:

 Spells                   Type           Power      Damage    Failure   Level
 Necrotise                Necr           100%       1d9       1%          1
 Sting                    Conj/Alch      100%       1d9       1%          1
 Lesser Beckoning         Tloc           80%        N/A       1%          2
 Momentum Strike          Conj/Tloc      78%        3d10      1%          2
 Gell's Gravitas          Tloc           40%        N/A       1%          3
 Teleport Other           Tloc           40%        N/A       1%          3
 Slow                     Hex            56%        N/A       3%          1
 Summon Small Mammal      Summ           56%        N/A       3%          1
 Summon Ice Beast         Ice/Summ       29%        N/A       4%          3
 Flame Wave               Conj/Fire      42%        2d11      5%          4
 Manifold Assault         Tloc           40%        N/A       6%          4
 Passage of Golubria      Tloc           40%        N/A       6%          4
 Call Canine Familiar     Summ           14%        N/A       11%         3
 Confusing Touch          Hex            14%        N/A       11%         3
 Sigil of Binding         Hex            14%        N/A       11%         3
 Tukima's Dance           Hex            14%        N/A       11%         3
 Summon Blazeheart Golem  Fire/Summ      30%        N/A       12%         4
 Dimensional Bullseye     Hex/Tloc       13%        N/A       14%         4
 Iskenderun's Battlesphe  Conj           38%        2d9       21%         5
 Borgnjor's Vile Clutch   Necr/Erth      17%        N/A       26%         5
 Death Channel            Necr           26%        N/A       36%         6
 Dispersal                Tloc           20%        N/A       67%         6
 Summon Mana Viper        Hex/Summ       14%        N/A       69%         5
 Yara's Violent Unravell  Hex/Alch       7%         3d5       69%         5
 Bombard                  Conj/Erth      13%        9d3       94%         6
 Summon Cactus Giant      Summ           7%         N/A       99%         6
 Orb of Destruction       Conj           19%        9d8       99%         7
 Haunt                    Necr/Summ      17%        N/A       100%        7
 Monstrous Menagerie      Summ           7%         N/A       100%        7
 Spellforged Servitor     Conj/Summ      13%        N/A       100%        7
 Infestation              Necr           26%        N/A       100%        8
 Animate Dead             Necr           Unusable   N/A       N/A         4

Dungeon Overview and Level Annotations

Branches:
Dungeon (11/15)            Temple (1/1) D:4            Lair (3/5) D:10
 Shoals (0/4) Lair:2        Snake (0/4) Lair:2       Bailey (visited)
Volcano (visited)         Gauntlet (1/1)
    Orc: D:9-12

Altars:
Ashenzari
Cheibriados
Dithmenos
Elyvilon
Fedhas
Gozag
Hepliaklqana
Kikubaaqudgha
Makhleb
Nemelex Xobeh
Okawaru
Qazlal
Ru
Sif Muna
Trog
Uskayaw
Vehumet
Wu Jian
Xom
Yredelemnul
Zin
The Shining One

Shops:
D:6 *   D:7 :

Annotations:
D:7 Jeremiah
D:8 Erica Gauntlet 11 transporters, exclusions: ice statue and orange crystal statue


Innate Abilities, Weirdness & Mutations

You cannot wear most types of armour.
You are amphibious.
You can wear up to eight rings at the same time.
Your skin changes colour to match your surroundings (Stealth+).
Your rubbery body absorbs attacks. (AC +1, EV +1)
((You are camouflaged when in or above water. (Stealth+)))
You have tentacles for arms and can constrict up to eight enemies at once.
You have an increased reservoir of magic. (+10% MP)
Your natural rate of healing is unusually fast.
You occasionally shout uncontrollably at your foes.
((You are occasionally teleported next to monsters.))
You have hidden genetic potential.
You expend magic power (3 MP) to strengthen your wands.


Message History

Casting: Scorch (safe; 1% risk of failure)
Confirm with . or Enter, or press ? or * to list all spells.
Flames lash the small abomination.
The small abomination is burned terribly!
You destroy the small abomination!
The rime drake hisses angrily.
Casting: Scorch (safe; 1% risk of failure)
Confirm with . or Enter, or press ? or * to list all spells.
You erupt in a blast of force!
The mystic blast hits the large abomination!
The large abomination is lightly damaged.
The large abomination is knocked back by the mystic blast.
The large abomination slams into the rock wall!
You feel much better.
Casting: Iskenderun's Mystic Blast (dangerous; 6% risk of failure)
Confirm with . or Enter, or press ? or * to list all spells.
You don't know that spell.
Unknown command.
Okay, then.
Magic courses through your body.
The large abomination completely misses you.
Casting: Iskenderun's Mystic Blast (dangerous; 6% risk of failure)
Confirm with . or Enter, or press ? or * to list all spells.
You erupt in a blast of force!
The mystic blast hits the large abomination but does no damage.
The large abomination is lightly damaged.
The large abomination hits you!!
* * * LOW HITPOINT WARNING * * *
Casting: Iskenderun's Mystic Blast (dangerous; 6% risk of failure)
Confirm with . or Enter, or press ? or * to list all spells.
You erupt in a blast of force!
The mystic blast hits the large abomination.
The large abomination is moderately damaged.
The large abomination is knocked back by the mystic blast.
You slash the large abomination! You burn the large abomination.
You squeeze the large abomination!
The large abomination is severely damaged.
The large abomination hits you!!
You die...
Your body crumbles into a pile of gold.

PP.#.###...#.PP≈≈≈≈≈...#.#....G#.
.♣.#.#..k#k#..P#≈#≈#...#..####G#.
...#...###.#...........#.......#.
≈..#############################.
≈≈....#©.........©.........©#....
###...#######################...#
#≈.........#x?.©?..#.........≈#
#≈≈..♣P.P♣.#.#####.#.♣P.P♣..≈≈#
####.....P.#..@#..x#.PPPP..####
#≈..♣...####X####...♣..≈#
#≈≈...P.#...#...#.PP..≈≈#
####..♣.#.#####.#.♣..####
#≈...#...x...#...≈#
#≈≈..#########..≈≈#
####.....©.....#### #≈..∩...∩..≈#
#≈≈...♣...≈≈#


You could see a large abomination and a rime drake.

Vanquished Creatures
  Harold (Lair:2)
  A boulder beetle (Lair:2)
  An orc high priest (Bailey)
  3 skeletal warriors (Volcano)
  A large abomination (Gauntlet)
  Pikel (D:7)
  2 orc knights (Bailey)
  A salamander (Lair:2)
  2 alligator skeletons (Volcano)
  2 merfolk sirens (Lair:2)
  Maggie (D:8)
  4 gargoyles
  4 komodo dragons
  5 cane toads
  A kobold demonologist (Bailey)
  An unseen horror (Lair:2)
  3 polar bears
  2 merfolk (Lair:2)
  A hornet (D:9)
  Prince Ribbit (D:8)
  11 blink frogs
  A shadow (D:10)
  2 basilisks (Lair:2)
  2 wyverns
  18 yaks
  Eustachio (D:4)
  2 steam dragons (Lair:1)
  An acid dragon (D:10)
  6 water moccasins
  A black bear (D:5)
  2 ice beasts (D:6)
  12 orc warriors
  2 laughing skulls (Volcano)
  6 small abominations (Gauntlet)
  8 wolves (Lair:2)
  3 ogres
  A centaur (D:6)
  4 lemures
  A phantom (D:5)
  A weeping skull (Volcano)
  5 kobold brigands
  9 bullfrogs
  A gnoll sergeant (D:9)
  A scorpion (D:3)
  5 wights
  2 spriggan skeletons (Volcano)
  A troll skeleton (Volcano)
  3 electric eels (Bailey)
  A vampire bat (D:6)
  A howler monkey (D:9)
  2 lava snakes (Lair:2)
  3 jellies
  A bombardier beetle (D:8)
  7 orc priests
  A hound (D:5)
  A gnoll bouda (D:8)
  An iguana (D:5)
  A sleepcap (D:5)
  10 orc wizards
  A naga skeleton (Volcano)
  16 gnolls
  8 adders
  2 shadow imps
  A white imp (D:7)
  A dart slug (D:3)
  A ribbon worm (D:2)
  38 orcs
  6 ball pythons
  2 bats
  3 bat skeletons (D:6)
  3 bat zombies (D:6)
  8 endoplasms
  3 giant cockroaches
  18 goblins
  12 hobgoblins
  13 jackals
  5 quokkas
  2 frilled lizards
  26 kobolds
  4 rats
352 creatures vanquished.

Vanquished Creatures (collateral kills)
  An orc priest (D:5)
  3 iguanas (D:5)
  4 orc wizards (D:5)
  A white imp (D:5)
  An orc (D:5)
10 creatures vanquished.

Grand Total: 362 creatures vanquished

Notes
Turn   | Place    | Note
-------+----------+-------------------------------------------
     0 | D:1      | Esekla the Octopode Chaos Knight began the quest for the
                  | Orb.
     0 | D:1      | Reached XP level 1. HP: 16/16 MP: 1/1
   152 | D:2      | Reached XP level 2. HP: 19/21 MP: 2/2
   176 | D:2      | XOM: silly message
   530 | D:2      | XOM: give mutations
   530 | D:2      | Gained mutation: You passively dampen the noise of your
                  | surroundings. [Xom's grace]
   530 | D:2      | Gained mutation: You expend magic power (3 MP) to
                  | strengthen your wands. [Xom's grace]
   530 | D:2      | Gained mutation: Your muscles are strong. (Str +4, Int/Dex
                  | -1) [Xom's grace]
   590 | D:2      | XOM: fog
   615 | D:2      | Reached XP level 3. HP: 20/26 MP: 3/3
   650 | D:2      | XOM: butterfly on damage
   671 | D:2      | Reached skill level 1 in Spellcasting
   674 | D:2      | Reached XP level 4. HP: 16/31 MP: 3/5
   679 | D:2      | XOM: give mutations
   679 | D:2      | Gained mutation: Your spells are a little harder to cast,
                  | but a little more powerful. [Xom's grace]
   679 | D:2      | Gained mutation: Your natural rate of healing is unusually
                  | fast. [Xom's grace]
   679 | D:2      | Gained mutation: Your mind is acute. (Int +4, Str/Dex -1)
                  | [Xom's grace]
   679 | D:2      | Gained mutation: You are agile. (Dex +4, Str/Int -1) [Xom's
                  | grace]
   833 | D:2      | XOM: god gift: staff of air
  1205 | D:1      | Found a faded altar of an unknown god.
  1369 | D:2      | You fall into a shaft and drop 1 floor!
  1423 | D:3      | Noticed a scorpion
  1429 | D:3      | You fall into a shaft and drop 2 floors!
  1429 | D:5      | Entered Level 5 of the Dungeon
  1452 | D:5      | Reached XP level 5. HP: 36/36 MP: 7/7
  1467 | D:5      | Noticed a black bear
  1473 | D:5      | XOM: cast spell 'Summon Dragon'
  1476 | D:5      | Killed a black bear
  1477 | D:5      | Reached skill level 1 in Stealth
  1477 | D:5      | Reached XP level 6. HP: 20/43 MP: 8/8
  1481 | D:5      | Reached skill level 5 in Long Blades
  1518 | D:5      | XOM: scenery: create altars
  1519 | D:5      | Reached skill level 2 in Spellcasting
  1573 | D:5      | Reached XP level 7. HP: 48/48 MP: 10/10
  1602 | D:5      | XOM: 3-stop teleportation journey
  1808 | D:5      | Found a basalt altar of Yredelemnul.
  1859 | D:5      | XOM: silly message
  2232 | D:4      | Found a staircase to the Ecumenical Temple.
  2241 | Temple   | Entered the Ecumenical Temple
  2257 | Temple   | Fell from the grace of Xom
  2257 | Temple   | Became a worshipper of Gozag Ym Sagoz the Greedy
  2312 | D:4      | Found a hide-covered altar of Uskayaw.
  2551 | D:2      | XOM: noise
  2852 | D:4      | Noticed Eustachio
  2859 | D:4      | Killed Eustachio
  2860 | D:4      | Reached skill level 1 in Short Blades
  2860 | D:4      | Reached XP level 8. HP: 46/54 MP: 12/12
  3135 | D:3      | Found a shadowy altar of Dithmenos.
  3413 | D:4      | Found a broken altar of Ashenzari.
  3620 | D:4      | Reached skill level 3 in Spellcasting
  3753 | D:4      | XOM: torment (28/54 hp)
  4007 | D:7      | Found a stormy altar of Qazlal.
  4019 | D:7      | Reached skill level 5 in Stealth
  4116 | D:7      | Noticed Pikel
  4129 | D:7      | Noticed Jeremiah
  4293 | D:6      | Found an ancient bone altar of Kikubaaqudgha.
  4425 | D:6      | Reached skill level 5 in Fighting
  4470 | D:6      | XOM: give mutations
  4470 | D:6      | Lost mutation: Your mind is acute. (Int +4, Str/Dex -1)
                  | [Xom's mischief]
  4470 | D:6      | Gained mutation: You are strong-willed. (Will+) [Xom's
                  | mischief]
  4490 | D:7      | Found Fateb Muam's Book Boutique.
  4560 | D:6      | Found Giquedyl's Assorted Antiques.
  4567 | D:6      | Bought a runed long sword for 240 gold pieces
  4567 | D:6      | Bought a scroll labelled SIDARAOCRE for 37 gold pieces
  4567 | D:6      | Bought a silvery potion for 33 gold pieces
  4567 | D:6      | Bought a scroll labelled MOT ODOAZUCKETUP for 37 gold
                  | pieces
  4567 | D:6      | Bought a fizzy amethyst potion for 33 gold pieces
  4587 | D:6      | Reached skill level 5 in Dodging
  4739 | D:6      | XOM: chaos cloud
  4807 | D:5      | XOM: summons 2 hostile shadow creatures
  4929 | D:6      | Reached XP level 9. HP: 56/61 MP: 7/14
  4934 | D:6      | Reached skill level 1 in Evocations
  5251 | D:7      | Reached skill level 4 in Spellcasting
  5412 | D:7      | Bought a book of Battle for 364 gold pieces
  5419 | D:7      | Learned a level 3 spell: Ozocubu's Armour
  5543 | D:6      | XOM: stat loss: -3 Dex (11/14)
  5582 | D:6      | Learned a level 3 spell: Fugue of the Fallen
  5888 | D:8      | Noticed Prince Ribbit
  5901 | D:8      | Killed Prince Ribbit
  5902 | D:8      | Reached skill level 1 in Necromancy
  5914 | D:8      | Reached skill level 1 in Ice Magic
  5968 | D:8      | Found a flagged portal.
  6001 | Bailey   | Entered a bailey
  6087 | Bailey   | Noticed an orc knight
  6248 | Bailey   | XOM: summons 1 hostile demon
  6444 | Bailey   | Reached skill level 1 in Throwing
  6444 | Bailey   | Reached XP level 10. HP: 41/69 MP: 11/16
  6513 | Bailey   | Killed an orc knight
  6611 | Bailey   | Noticed an orc knight
  6791 | Bailey   | Found an iron altar of Okawaru.
  6793 | Bailey   | Noticed an orc high priest
  6793 | Bailey   | Noticed a kobold demonologist
  6802 | Bailey   | Identified the +8 executioner's axe "Xaseul" {heavy, Str+4}
  6802 | Bailey   | Identified the +1 chain mail "Qileenuxy" {rC++ Dex+2}
  6823 | Bailey   | Noticed a rust devil
  6823 | Bailey   | Noticed an orange demon
  6830 | Bailey   | Noticed a smoke demon
  6830 | Bailey   | Noticed a sixfirhy
  6962 | Bailey   | Noticed a sun demon
  6963 | Bailey   | Killed an orc high priest
  6964 | Bailey   | Reached skill level 5 in Spellcasting
  7070 | Bailey   | Killed a kobold demonologist
  7353 | Bailey   | Learned a level 2 spell: Scorch
  7545 | Bailey   | Killed an orc knight
  7755 | D:7      | Bought a book of Spatial Translocations for 252 gold pieces
  7758 | D:7      | Learned a level 2 spell: Blink
  7773 | D:8      | Found an iron altar of Okawaru.
  7808 | D:8      | Found a blossoming altar of Fedhas.
  7843 | D:8      | XOM: give mutations
  7843 | D:8      | Lost mutation: Your muscles are strong. (Str +4, Int/Dex
                  | -1) [Xom's mischief]
  7843 | D:8      | Lost mutation: You are agile. (Dex +4, Str/Int -1) [Xom's
                  | mischief]
  7962 | D:8      | Found a shimmering blue altar of Sif Muna.
  7966 | D:8      | Noticed Maggie
  7993 | D:8      | Killed Maggie
  8042 | D:8      | Reached skill level 1 in Translocations
  8050 | D:8      | Noticed Erica
  8105 | D:8      | Reached skill level 1 in Fire Magic
  8483 | D:8      | Found a snail-covered altar of Cheibriados.
  8589 | D:7      | XOM: stat loss: -3 Int (22/25)
  8604 | D:7      | Bought a book of Debilitation for 392 gold pieces
  8608 | D:7      | Learned a level 3 spell: Vampiric Draining
  8775 | D:7      | Killed Pikel
  8776 | D:7      | Reached XP level 11. HP: 67/75 MP: 13/19
  9013 | D:8      | XOM: give mutations
  9013 | D:8      | Gained mutation: You occasionally shout uncontrollably at
                  | your foes. [Xom's mischief]
  9013 | D:8      | Lost mutation: Your spells are a little harder to cast, but
                  | a little more powerful. [Xom's mischief]
  9013 | D:8      | Gained mutation: You are dopey. (Int -2) [Xom's mischief]
  9013 | D:8      | Lost mutation: You are strong-willed. (Will+) [Xom's
                  | mischief]
  9498 | D:9      | XOM: torment (39/75 hp)
  9768 | D:9      | Learned a level 4 spell: Iskenderun's Mystic Blast
  9801 | D:10     | Entered Level 10 of the Dungeon
  9940 | D:10     | XOM: give mutations
  9940 | D:10     | Lost mutation: You passively dampen the noise of your
                  | surroundings. [Xom's mischief]
  9940 | D:10     | Lost mutation: You expend magic power (3 MP) to strengthen
                  | your wands. [Xom's mischief]
  9950 | D:10     | Found a shimmering altar of Xom.
  9963 | D:10     | Found a staircase to the Lair.
 10064 | D:10     | XOM: give mutation
 10064 | D:10     | Gained mutation: You possess an exceptional clarity of
                  | mind. [Xom's mischief]
 10500 | D:10     | Found a hazy altar of Hepliaklqana.
 10660 | Lair:1   | Entered Level 1 of the Lair of Beasts
 10755 | D:11     | XOM: give mutation
 10755 | D:11     | Lost mutation: You are dopey. (Int -2) [Xom's mischief]
 10820 | D:10     | Reached skill level 6 in Spellcasting
 10874 | Lair:1   | Found a dark tunnel.
 10939 | Lair:1   | Reached skill level 1 in Conjurations
 10987 | Volcano  | Entered a volcano
 11231 | Volcano  | Reached skill level 5 in Necromancy
 11261 | Volcano  | XOM: stat loss: -1 Dex (10/11)
 11331 | Volcano  | Noticed a skeletal warrior
 11466 | Volcano  | XOM: summons 9 hostile demons
 11592 | Volcano  | Killed a skeletal warrior
 11780 | Volcano  | Noticed a skeletal warrior
 11861 | Volcano  | Killed a skeletal warrior
 11862 | Volcano  | Reached skill level 7 in Spellcasting
 11862 | Volcano  | Reached XP level 12. HP: 33/82 MP: 1/22
 12384 | Volcano  | Lost mutation: You occasionally shout uncontrollably at
                  | your foes. [potion of mutation]
 12384 | Volcano  | Lost mutation: You possess an exceptional clarity of mind.
                  | [potion of mutation]
 12384 | Volcano  | Gained mutation: You occasionally shout uncontrollably at
                  | your foes. [potion of mutation]
 12384 | Volcano  | Gained mutation: You are occasionally teleported next to
                  | monsters. [potion of mutation]
 12384 | Volcano  | Gained mutation: You have hidden genetic potential. [potion
                  | of mutation]
 12384 | Volcano  | Gained mutation: You have an increased reservoir of magic.
                  | (+10% MP) [potion of mutation]
 12689 | Lair:1   | You fall into a shaft and drop 1 floor!
 12820 | Lair:2   | Learned a level 1 spell: Apportation
 12931 | Lair:2   | Found a staircase to the Shoals.
 12967 | Lair:2   | Reached skill level 5 in Short Blades
 12985 | Lair:2   | Reached skill level 8 in Spellcasting
 13015 | Lair:2   | Noticed a boulder beetle
 13531 | Lair:2   | XOM: polymorph wolf -> unseen horror
 13618 | Lair:2   | Found a staircase to the Snake Pit.
 13681 | Lair:2   | Killed a boulder beetle
 13785 | Lair:2   | XOM: scenery: summon butterflies
 13853 | Lair:2   | Noticed Harold
 13975 | Lair:2   | Reached XP level 13. HP: 58/89 MP: 16/28
 14130 | Lair:2   | Reached skill level 5 in Fire Magic
 14273 | Lair:2   | Gained mutation: You expend magic power (3 MP) to
                  | strengthen your wands. [hidden potential]
 14334 | Lair:2   | Killed Harold
 14628 | Lair:2   | XOM: summons 14 hostile demons
 14628 | Lair:2   | Was forgiven by Xom
 14728 | Lair:3   | Found a gate leading to a gauntlet.
 14792 | Gauntlet | Entered a Gauntlet
 14792 | Gauntlet | Found a transporter.
 14799 | Gauntlet | Found a transporter.
 14801 | Gauntlet | Found a transporter.
 14825 | Gauntlet | Found a transporter.
 14839 | Gauntlet | Found a transporter.
 14841 | Gauntlet | Found a transporter.
 14851 | Gauntlet | Found a transporter.
 14866 | Gauntlet | Found a transporter.
 14868 | Gauntlet | Found the +3 pair of seven-league boots {Rampage+∞}
 14876 | Gauntlet | Found a transporter.
 14886 | Gauntlet | Found a transporter.
 14900 | Gauntlet | Found a transporter.
 14909 | Gauntlet | Found a transporter.
 14990 | Gauntlet | Reached skill level 9 in Spellcasting
 15008 | Gauntlet | HP: 3/89 [small abomination (2)]
 15019 | Gauntlet | Slain by a large abomination

Illustrated notes

Levels and vault maps discovered:
D:1:      spicycebolla_arrival_xxxplode, layout_rooms,
          shapermc_ecumenical_altar_petra, minmay_tetromino_i4
D:2:      layout_basic, minmay_stone_trees_small, minmay_circle_x
D:3:      layout_basic, grunt_dithmenos_smoke, minmay_joined_circles
D:4:      layout_basic, mainiacjoe_overflow_big_doors, lemuel_temple_firewalk_b,
          serial_corexii_hall, corexii_hall_statues_i, corexii_hall_statues_i,
          uniq_eustachio
D:5:      layout_rooms, kennysheep_little_box
D:6:      layout_cave_pods, kennysheep_vampire_church, serial_shops,
          nicolae_shop_trees
D:7:      layout_cave_pools, nicolae_qazlal_scattered_showers, serial_shops,
          nicolae_shop_peninsula, uniq_pikel, uniq_jeremiah
D:8:      layout_loops_cross, okawaru_metal_pillars_1_2, fedhas_altar_3,
          slow_altar_2, old_standard_altar, enter_bailey_4, uniq_prince_ribbit1,
          uniq_maggie, uniq_erica
D:9:      layout_basic
D:10:     layout_irregular_city, nzn_hepliaklqana_mist_gate,
          mainiacjoe_overflow_paths, dpeg_oklobed_lair
D:11:     layout_long_grid, special_room [special_room_bee],
          nemelex_spade_bored_becter, uniq_sonja
Temple:   nicolae_temple_bog_church
Lair:1:   layout_hall_layers, nicolae_volcano_entry_hallway, lemuel_fruit_tree,
          grunt_megastairs_3, lemuel_fruit_fields
Lair:2:   layout_gridlike, elwin_shoals_entry_stream,
          nicolae_snake_entry_warm_welcome, uniq_harold
Lair:3:   layout_hall_layers, gauntlet_entry_generic, minmay_holes,
          infiniplex_staircase_pool_2
Gauntlet: minmay_gauntlet_77_tree [minmay_gauntlet_arena_77_two_paths,
          minmay_gauntlet_arena_77_radiant_squares,
          minmay_gauntlet_arena_77_broken_ladder, minmay_gauntlet_arena_77_fan,
          minmay_gauntlet_arena_77_box,
          minmay_gauntlet_arena_77_terracotta_army,
          minmay_gauntlet_arena_77_museum, gauntlet_exit_watery]

Skill      XL: |  1  2  3  4  5  6  7  8  9 10 11 12 13 |
---------------+----------------------------------------+-----
Spellcasting   | 1 2 3 4 5 7 8 9 |  9.0
Long Blades    | 4 5 6 |  6.9
Dodging        | 3 4 5 6 7 8 |  8.6
Stealth        | 1 2 4 6 7 8 |  8.8
Fighting       | 4 5 6 7 8 |  8.6
Short Blades   | 1 2 3 4 5 |  5.1
Evocations     | 2 |  2.2
Necromancy     | 2 4 5 6 |  6.5
Ice Magic      | 2 3 4 |  4.8
Throwing       | 1 3 |  3.6
Translocations | 1 3 4 |  4.3
Fire Magic     | 1 3 4 5 |  5.3
Conjurations   | 2 3 |  3.9

Action                     |  1- 3 |  4- 6 |  7- 9 | 10-12 | 13-15 || total
---------------------------+-------+-------+-------+-------+-------++-------
  Melee: Falchion          |    53 |    51 |    18 |     5 |       ||   127
         Constrict         |    15 |     8 |    74 |   108 |     5 ||   210
         Tentacles         |    12 |     9 |    79 |   189 |    13 ||   302
         Dagger            |     2 |     1 |   255 |   501 |    35 ||   794
         Punch             |       |       |     6 |    18 |       ||    24
         Long sword        |       |       |    22 |    60 |       ||    82
         Demon blade       |       |       |       |    52 |    48 ||   100
  Throw: Dart              |       |       |    19 |    72 |     2 ||    93
         Boomerang         |       |       |       |    19 |     1 ||    20
   Cast: Ozocubu's Armour  |       |       |     5 |    63 |     8 ||    76
         Vampiric Draining |       |       |       |    34 |     6 ||    40
         Scorch            |       |       |       |    59 |    12 ||    71
         Blink             |       |       |       |     4 |     3 ||     7
         Fugue of the Fall |       |       |       |     6 |     2 ||     8
         Apportation       |       |       |       |     3 |     1 ||     4
         Iskenderun's Myst |       |       |       |       |     3 ||     3
  Evoke: Wand              |       |       |    23 |     2 |     7 ||    32
    Use: Scroll            |       |       |     5 |    13 |     1 ||    19
         Potion            |       |       |     1 |    16 |     8 ||    25
   Stab: Sleeping          |     1 |     4 |    26 |    17 |       ||    48
         Distracted        |       |       |     5 |     3 |       ||     8
 Armour: Skin              |    21 |    28 |   112 |   426 |   107 ||   694
  Dodge: Dodged            |    36 |    57 |   163 |   425 |    61 ||   742
